 Dungeon Crawl Stone Soup version 0.29.1-13-g9f3cf754e1 (webtiles) character file.

Game seed: 1755892500328466784

303274 RapScallion the Axe Maniac (level 21, -2/215 HPs)
             Began as a Hill Orc Fighter on Jan 19, 2023.
             Was a High Priest of Okawaru.
             Slain by a rockslime (21 damage)
             ... on level 4 of the Pits of Slime on Jan 20, 2023.
             The game lasted 04:12:15 (43933 turns).

RapScallion the Axe Maniac (Hill Orc Fighter)      Turns: 43933, Time: 04:12:16

Health: -2/215     AC: 10    Str: 30    XL:     21   Next: 8%
Magic:  0/34       EV: 12    Int:  8    God:    Okawaru [*****.]
Gold:   1763       SH: 27    Dex:  8    Spells: 20/20 levels left

rFire   . . .      SeeInvis +   u - +8 war axe (vorpal)
rCold   . . .      Faith    .   n - +4 tower shield {reflect}
rNeg    . . .      Spirit   +   H - +4 moon troll leather armour {Spirit, Regen++ MP+5}
rPois   +          Reflect  +   P - +2 helmet {SInv}
rElec   +          Harm     .   Y - +2 cloak {rPois}
rCorr   +          Rampage  .   w - +1 pair of gloves of the Salamander {Will+}
Will    ++...                   k - +1 pair of boots of Mezcal {rElec Slay+3}
Stlth   ++........              a - amulet "Caiskoix" {+Blink Regen+}
HPRegen 0.00/turn               g - +4 ring of slaying
MPRegen 0.24/turn               L - ring of resist corrosion

@: mighty, heroic, finesse-ful, corroded, inhibited regen, unable to read,
unable to drink
A: talons 1, clumsy 1, deformed body, inhibited regeneration, inability to drink
after injury 1, inability to read after injury 1
}: 2/15 runes: serpentine, barnacled
a: Renounce Religion, Evoke Blink, Heroism, Finesse, Duel


You were on level 4 of the Pits of Slime.
You worshipped Okawaru.
Okawaru was extremely pleased with you.
You visited 8 branches of the dungeon, and saw 36 of its levels.
You visited the Abyss 1 time.
You also visited: Sewer and Bailey.

You collected 3360 gold pieces.
You spent 1597 gold pieces at shops.

Inventory:

Hand Weapons
 c - a +0 war axe of flaming
 j - a +5 battleaxe of venom
 r - a +1 executioner's axe of distortion
 u - a +8 vorpal war axe (weapon)
 S - the +8 spear "Xioshruome" {freeze, Fly rC- Str+7 Stlth+}
   (You took it off a spriggan rider on level 5 of the Lair of Beasts)

   It freezes those it strikes, dealing additional cold damage.
   It can also slow down cold-blooded creatures.
   Str:       It affects your strength (+7).
   rC:        It makes you vulnerable to cold.
   Fly:       It grants you flight.
   Stlth:     It makes you more stealthy.
 U - the +7 lajatang of Order {silver, rMut}
   (You found it on level 3 of the Elven Halls)

   It inflicts extra damage upon those it strikes, and deals substantially
   increased damage to chaotic, mutated and magically transformed beings.
   rMut:      It protects you from mutation.
 X - the +9 mace "Beast's Funeral" {flame, *Rage Str+8 Int+6 Dex-2}
   (You found it on level 2 of the Elven Halls)

   It burns those it strikes, dealing additional fire damage.
   Str:       It affects your strength (+8).
   Int:       It affects your intelligence (+6).
   Dex:       It affects your dexterity (-2).
   *Rage:     It berserks you when you make melee attacks (+20% chance).
Missiles
 W - 7 silver javelins (quivered)
Armour
 e - the +1 scale mail of Integrity {rElec rC+ Will++ Str+2 Int-3 Stlth+}
   (You found it on level 2 of the Shoals)

   Str:       It affects your strength (+2).
   Int:       It affects your intelligence (-3).
   rC:        It protects you from cold.
   rElec:     It insulates you from electricity.
   Will:      It greatly increases your willpower.
   Stlth:     It makes you more stealthy.
 k - the +1 pair of boots of Mezcal (worn) {rElec Slay+3}
   (Okawaru gifted it to you on level 1 of the Orcish Mines)

   Slay:      It affects your accuracy & damage with ranged weapons and melee
   (+3).
   rElec:     It insulates you from electricity.
 n - a +4 tower shield of reflection (worn)
 w - the +1 pair of gloves of the Salamander (worn) {Will+}
   (Okawaru gifted it to you on level 2 of the Lair of Beasts)

   Will:      It increases your willpower.
 H - the +4 moon troll leather armour (worn) {Spirit, Regen++ MP+5}
   (You found it on level 9 of the Dungeon)

   MP:        It affects your magic capacity (+5).
   Regen:     It increases your rate of health regeneration.
 P - a +2 helmet of see invisible (worn)
 R - the +0 pair of boots of the Lute {rElec rPois rCorr Dex+5}
   (Okawaru gifted it to you on level 4 of the Lair of Beasts)

   Dex:       It affects your dexterity (+5).
   rElec:     It insulates you from electricity.
   rPois:     It protects you from poison.
   rCorr:     It protects you from acid and corrosion.
 Y - a +2 cloak of poison resistance (worn)
Jewellery
 a - the amulet "Caiskoix" (around neck) {+Blink Regen+}
   (You bought it in a shop on level 1 of the Orcish Mines)

   [amulet of regeneration]

   +Blink:    It lets you blink.
   Regen:     It increases your rate of health regeneration.
 g - a +4 ring of slaying (left hand)
 x - a ring of flight
 C - a +6 ring of strength
 E - a ring of see invisible
 F - the ring "Deoni" {Will+ MP+9 Stlth+}
   (You found it on level 3 of the Elven Halls)

   [ring of magical power]

   MP:        It affects your magic capacity (+9).
   Will:      It increases your willpower.
   Stlth:     It makes you more stealthy.
 L - a ring of resist corrosion (right hand)
Wands
 y - a wand of digging (8)
Scrolls
 h - 19 scrolls of teleportation
 i - 2 scrolls of silence
 l - 8 scrolls of magic mapping
 m - 9 scrolls of immolation
 q - 7 scrolls of identify
 D - 5 scrolls of poison
 M - 7 scrolls of blinking
 T - 2 scrolls of fear
Potions
 d - 9 potions of might
 f - 13 potions of mutation
 o - 9 potions of curing
 p - 12 potions of lignification
 s - 2 potions of resistance
 t - 3 potions of heal wounds
 v - 5 potions of haste
 G - 2 potions of invisibility
 I - 4 potions of cancellation


   Skills:
 + Level 24.3(27) Fighting
 O Level 27 Axes
 + Level 12.9(17.9) Armour
 + Level 22.0(27) Shields
 + Level 11.9 Invocations
 + Level 0.6 Evocations


You had 20 spell levels left.
You didn't know any spells.
Your spell library contained the following spells:

 Spells                   Type           Power      Damage    Failure   Level
 Beastly Appendage        Tmut           0%         N/A       43%         1
 Foxfire                  Conj/Fire      0%         2x1d4     43%         1
 Freeze                   Ice            0%         1d3       43%         1
 Magic Dart               Conj           0%         1d3       43%         1
 Sandblast                Erth           0%         2d4       43%         1
 Shock                    Conj/Air       0%         1d3       43%         1
 Sting                    Tmut/Pois      0%         1d3       43%         1
 Passwall                 Tmut/Erth      0%         N/A       56%         2
 Poisonous Vapours        Pois/Air       0%         N/A       56%         2
 Searing Ray              Conj           0%         2d4       56%         2
 Static Discharge         Conj/Air       0%         3-3/arc   56%         2
 Wereblood                Tmut           0%         N/A       56%         2
 Frozen Ramparts          Ice            0%         1d1       80%         3
 Ignite Poison            Fire/Tmut/Pois 0%         N/A       80%         3
 Inner Flame              Hex/Fire       0%         N/A       80%         3
 Mephitic Cloud           Conj/Pois/Air  0%         N/A       80%         3
 Portal Projectile        Hex/Tloc       0%         N/A       80%         3
 Spider Form              Tmut/Pois      0%         N/A       80%         3
 Stone Arrow              Conj/Erth      0%         3d7       80%         3
 Swiftness                Air            0%         N/A       80%         3
 Airstrike                Air            0%         2d(0-16)  99%         4
 Cause Fear               Hex            0%         N/A       99%         4
 Corpse Rot               Necr/Pois/Air  0%         N/A       99%         4
 Dispel Undead            Necr           0%         3d6       99%         4
 Flame Wave               Conj/Fire      0%         2d4       99%         4
 Fulminant Prism          Conj/Hex       0%         3d6       99%         4
 Hailstorm                Conj/Ice       0%         3d3       99%         4
 Leda's Liquefaction      Hex/Erth       0%         N/A       99%         4
 Olgreb's Toxic Radiance  Pois           0%         N/A       99%         4
 Petrify                  Tmut/Erth      0%         N/A       99%         4
 Sticky Flame             Conj/Fire      0%         2d3       99%         4
 Alistair's Intoxication  Tmut/Pois      0%         N/A       100%        5
 Blade Hands              Tmut           0%         N/A       100%        5
 Borgnjor's Vile Clutch   Necr/Erth      0%         N/A       100%        5
 Freezing Cloud           Conj/Ice/Air   0%         6-21      100%        5
 Iskenderun's Battlesphe  Conj           0%         2d6       100%        5
 Metabolic Englaciation   Hex/Ice        0%         N/A       100%        5
 Silence                  Hex/Air        0%         N/A       100%        5
 Eringya's Noxious Bog    Tmut/Pois      0%         N/A       100%        6
 Iron Shot                Conj/Erth      0%         9d1       100%        6
 Statue Form              Tmut/Erth      0%         N/A       100%        6
 Dragon Form              Tmut           0%         N/A       100%        7
 Orb of Destruction       Conj           0%         9d5       100%        7
 Storm Form               Tmut/Air       0%         N/A       100%        7
 Discord                  Hex            0%         N/A       100%        8
 Call Canine Familiar     Summ           Unusable   N/A       N/A         3
 Summon Guardian Golem    Hex/Summ       Unusable   N/A       N/A         3
 Tukima's Dance           Hex            Unusable   N/A       N/A         3
 Summon Lightning Spire   Summ/Air       Unusable   N/A       N/A         4
 Death Channel            Necr           Unusable   N/A       N/A         6
 Spellforged Servitor     Conj/Summ      Unusable   N/A       N/A         7
 Dragon's Call            Summ           Unusable   N/A       N/A         9

Dungeon Overview and Level Annotations

Branches:
Dungeon (12/15)            Temple (1/1) D:7            Lair (5/5) D:11
 Shoals (4/4) Lair:2        Snake (4/4) Lair:2        Slime (5/5) Lair:4
    Orc (2/2) D:9             Elf (3/3) Orc:2         Sewer (visited)
 Bailey (visited)

Altars:
Ashenzari
Cheibriados
Dithmenos
Elyvilon
Fedhas
Gozag
Hepliaklqana
Kikubaaqudgha
Makhleb
Nemelex Xobeh
Okawaru
Qazlal
Ru
Sif Muna
Trog
Uskayaw
Vehumet
Wu Jian
Xom
Yredelemnul
The Shining One
Beogh
Jiyva
Lugonu

Shops:
D:5 :   D:8 =   D:11 [   Orc:1 =   Orc:2 [::*   Elf:1 ?*   Shoals:2 :
Snake:1 ==:   Snake:3 :

Portals:
Abyss: Lair:5

Annotations:
Lair:2 Rupert


Innate Abilities, Weirdness & Mutations

You have sharp toenails.
You are clumsy. (Dex -2)
Armour fits poorly on your strangely shaped body.
You do not regenerate when monsters are visible.
You occasionally lose the ability to drink potions when taking damage.
You occasionally lose the ability to read scrolls when taking damage.


Message History

* * * LOW HITPOINT WARNING * * *
The azure jelly freezes you!!!
You feel threatened and lose the ability to read scrolls!
* * * LOW HITPOINT WARNING * * *
You block the azure jelly's attack.
The azure jelly hits you but does no damage.
The azure jelly hits you!
* * * LOW HITPOINT WARNING * * *
You block the azure jelly's attack.
The azure jelly hits you but does no damage. x2
The azure jelly hits you.
* * * LOW HITPOINT WARNING * * *
You cannot read scrolls in your current state!
Throw: 7 javelins (silver)
Press: ? - help, Q - select action, (/) - cycle Shift-Dir - straight line
Okay, then.
Unknown command.
You cannot read scrolls in your current state!
Unknown command.
You miss the quicksilver ooze.
The quicksilver ooze is almost dead.
You hit the rockslime but do no damage. You slash the azure jelly!
You hit the azure jelly. You completely miss the azure jelly.
Unknown command.
You slash the quicksilver ooze!
You kill the quicksilver ooze!
That felt strangely unrewarding.
You hit the rockslime. You hit the azure jelly.
You barely miss the azure jelly. You slice the azure jelly!!
You kill the azure jelly!
That felt strangely unrewarding.
You block the azure jelly's attack.
The azure jelly hits you but does no damage.
You block the azure jelly's attack. The azure jelly hits you.
* * * LOW HITPOINT WARNING * * *
You slash the rockslime!
The rockslime is severely wounded.
You hit the azure jelly. You slash the azure jelly!
You kill the azure jelly!
That felt strangely unrewarding.
The rockslime hits you!!
You die...

#.........###.........#
##...#.#.#.##........###
#.....#....#..........##
#.............#........#
##...........#........##
##......................##
##.#......................#.#
#............J......#........
##...#......@................
####..........J......#..##.#..
##....<..........#.......#####.
#.........................# #
##...........^............#
#####.......#..............##
##.......................###
.....................##.##
.............##.#...#####


You could see an azure jelly and a rockslime.

Vanquished Creatures
  the Royal Jelly (Slime:5)
  Bai Suzhen (Elf:3)
  Vashnia (Snake:3)
  Mlioglotl (Shoals:3)
  3 deep elf blademasters
  3 deep elf master archers (Elf:3)
  Polyphemus (Shoals:2)
  16 acid blobs
  A tentacled starspawn (Abyss:3)
  Donald (Snake:4)
  6 azure jellies
  9 nagarajas (Snake:4)
  4 rockslimes
  Ilsuiw (Shoals:2)
  Louise (Shoals:2)
  5 deep elf sorcerers (Elf:3)
  11 quicksilver oozes
  7 deep elf elementalists
  Nessos (Lair:4)
  The ghost of DemonSlayer the Thaumaturge, a journeyman DsEE of Cheibriados (Lair:5)
  An elemental wellspring (Shoals:1)
  5 deep elf demonologists (Elf:3)
  10 deep elf annihilators
  2 merfolk impalers (Shoals:4)
  7 deep elf death magi
  5 merfolk javelineers
  9 great orbs of eyes
  5 deep elf high priests (Elf:3)
  Fannar (Lair:3)
  A boulder beetle (Lair:3)
  5 hydras
  The ghost of sneakypete the Blocker, a journeyman FoFi of Ignis (Lair:1)
  A salamander tyrant (Snake:4)
  3 merfolk avatars
  The ghost of Kufobin the Summoner, a journeyman DrSu of Vehumet (Lair:1)
  3 catoblepae
  2 centaur warriors
  7 merfolk aquamancers
  4 two-headed ogres
  12 anacondas
  15 naga warriors
  34 dancing weapons
  Erica (Lair:2)
  3 alligator snapping turtles
  4 satyrs
  The ghost of Qocs the Destroyer, a journeyman DECj of Hepliaklqana (Lair:1)
  An orc high priest (Orc:2)
  7 shock serpents
  3 thrashing horrors (Lair:5)
  10 death yaks
  The ghost of Imnulubo the Destroyer, a novice TeFE of Vehumet (Lair:1)
  21 naga sharpshooters
  16 deep elf knights
  4 salamander mystics
  A deep troll (shapeshifter) (Lair:5)
  11 deep elf archers
  9 sea snakes
  A phantasmal warrior (Abyss:3)
  9 naga ritualists
  Pikel (D:4)
  4 orc knights
  A harpy (shapeshifter) (Elf:1)
  18 harpies
  4 ugly things
  6 shining eyes
  13 mana vipers
  7 cyclopes
  17 deep elf zephyrmancers
  An oklob plant (Lair:5)
  3 orc sorcerers
  5 fauns
  27 deep elf pyromancers
  13 salamanders
  2 worldbinders (Abyss:3)
  10 manticores
  6 elephants (Lair:4)
  A guardian serpent (shapeshifter) (Elf:1)
  A smoke demon (Lair:5)
  10 merfolk sirens
  2 guardian serpents
  19 naga magi
  34 black mambas
  7 cane toads
  2 water nymphs
  An eye of devastation (Slime:2)
  An unseen horror (D:12)
  Psyche (D:8)
  3 komodo dragons
  4 rime drakes
  An ancient zyme (Lair:5)
  3 polar bears
  6 trolls
  15 merfolk
  10 wind drakes
  2 hornets
  A tarantella (shapeshifter) (Elf:3)
  8 dream sheep
  16 blink frogs
  67 slime creatures
  7 snapping turtles
  A spriggan (shapeshifter) (Lair:5)
  A culicivora (shapeshifter) (Elf:1)
  2 shadows (D:10)
  2 air elementals
  32 yaks
  A wyvern (D:11)
  5 spriggans (Lair:5)
  A wraith (D:9)
  11 water elementals
  4 ynoxinuls
  16 golden eyes
  2 fire elementals (Elf:3)
  2 chaos spawn (Lair:5)
  3 steam dragons
  7 vampire mosquitoes
  7 basilisks
  Menkaure (D:7)
  5 wargs
  58 nagas
  2 acid dragons
  12 water moccasins
  27 orc warriors
  An ice beast (D:6)
  A boggart (Lair:5)
  14 small abominations
  2 black bears
  3 ogres
  30 wolves
  19 centaurs
  4 gnoll sergeants
  3 earth elementals
  16 bullfrogs
  4 necrophages
  10 scorpions
  9 wights
  A killer bee (D:5)
  8 howler monkeys
  An electric eel (Lair:1)
  A bullfrog zombie (D:5)
  2 jellies
  9 orc priests
  2 gnoll boudas (D:6)
  4 iguanas
  13 orc wizards
  A killer bee zombie (D:5)
  Robin (D:4)
  30 gnolls
  11 adders
  3 river rats (Sewer)
  An ufetubus (D:6)
  2 worms
  2 dart slugs
  82 orcs
  6 ball pythons
  5 bats
  5 endoplasms
  8 giant cockroaches
  15 goblins
  11 hobgoblins
  16 jackals
  9 kobolds
  5 quokkas
  6 frilled lizards
  16 rats
  A spectral orc (D:6)
  3 bushes
1270 creatures vanquished.

Vanquished Creatures (others)
  A naga warrior (Snake:4)
  3 deep elf knights
  37 fungi
  126 plants
  4 starspawn tentacles (Abyss:3)
171 creatures vanquished.

Grand Total: 1441 creatures vanquished

Notes
Turn   | Place    | Note
-------+----------+-------------------------------------------
     0 | D:1      | RapScallion the Hill Orc Fighter began the quest for the
                  | Orb.
     0 | D:1      | Reached XP level 1. HP: 19/19 MP: 1/1
   199 | D:1      | Reached XP level 2. HP: 24/27 MP: 2/2
   654 | D:1      | Reached skill level 3 in Axes
   938 | D:2      | Found a faded altar of an unknown god.
  1044 | D:2      | Reached XP level 3. HP: 26/33 MP: 0/3
  1576 | D:2      | Reached XP level 4. HP: 38/40 MP: 4/4
  1735 | D:3      | Identified a scroll of acquirement
  1736 | D:3      | Acquired a manual of Axes
  1760 | D:3      | Reached skill level 4 in Axes
  1907 | D:3      | Noticed a scorpion
  1915 | D:3      | Killed a scorpion
  1916 | D:3      | Reached skill level 6 in Axes
  1916 | D:3      | Reached XP level 5. HP: 46/46 MP: 5/5
  1983 | D:3      | Reached skill level 8 in Axes
  2076 | D:3      | Reached skill level 9 in Axes
  2076 | D:3      | Reached XP level 6. HP: 42/52 MP: 4/6
  2835 | D:4      | Noticed Robin
  2843 | D:4      | Reached skill level 10 in Axes
  2846 | D:4      | Killed Robin
  2894 | D:4      | Found a bloodstained altar of Trog.
  3279 | D:4      | Found a sparkling altar of Nemelex Xobeh.
  3359 | D:4      | Reached skill level 11 in Axes
  3359 | D:4      | Reached XP level 7. HP: 19/59 MP: 2/7
  3765 | D:5      | Entered Level 5 of the Dungeon
  3775 | D:5      | Found a hide-covered altar of Uskayaw.
  3785 | D:5      | Reached skill level 12 in Axes
  4059 | D:5      | Found a runed translucent door.
  4060 | D:5      | Noticed a vampire mosquito
  4072 | D:5      | Reached skill level 13 in Axes
  4082 | D:5      | Found a runed translucent door.
  4099 | D:5      | Found Newnim's Book Shoppe.
  4101 | D:5      | Noticed Pikel
  4118 | D:4      | Killed Pikel
  4119 | D:4      | Reached skill level 5 in Fighting
  4119 | D:4      | Reached skill level 14 in Axes
  4119 | D:4      | Reached skill level 5 in Armour
  4119 | D:4      | Reached XP level 8. HP: 62/68 MP: 8/8
  4131 | D:5      | Found a glowing drain.
  4162 | Sewer    | Entered a sewer
  4649 | D:5      | Reached skill level 15 in Axes
  4683 | D:5      | Found a basalt altar of Yredelemnul.
  5001 | D:6      | Found a shimmering blue altar of Sif Muna.
  5618 | D:6      | Reached XP level 9. HP: 75/75 MP: 9/9
  5838 | D:6      | Reached skill level 16 in Axes
  6090 | D:6      | Found a hazy altar of Hepliaklqana.
  6413 | D:6      | Found a stormy altar of Qazlal.
  7012 | D:7      | Noticed Menkaure
  7316 | D:7      | Killed Menkaure
  7707 | D:7      | Reached skill level 5 in Shields
  8005 | D:7      | Found a sacrificial altar of Ru.
  8038 | D:7      | Found a white marble altar of Elyvilon.
  8129 | D:7      | Found a staircase to the Ecumenical Temple.
  8169 | Temple   | Entered the Ecumenical Temple
  8189 | Temple   | Became a worshipper of Warmaster Okawaru
  8288 | D:8      | Reached skill level 17 in Axes
  8358 | D:8      | Reached XP level 10. HP: 88/88 MP: 10/10
  8388 | D:8      | Reached * piety under Okawaru
  8441 | D:8      | Found Delyipiog's Jewellery Shop.
  8493 | D:8      | Found a flagged portal.
  8541 | Bailey   | Entered a bailey
  9794 | Bailey   | Noticed an orc knight
  9834 | Bailey   | Killed an orc knight
 10096 | D:8      | Noticed a two-headed ogre
 10104 | D:8      | Killed a two-headed ogre
 10104 | D:8      | Reached ** piety under Okawaru
 10301 | D:8      | Reached skill level 1 in Invocations
 10433 | D:8      | Noticed Psyche
 10444 | D:8      | Killed Psyche
 10445 | D:8      | Reached skill level 18 in Axes
 10531 | D:8      | Noticed a two-headed ogre
 10541 | D:8      | Killed a two-headed ogre
 10542 | D:8      | Reached skill level 10 in Armour
 10547 | D:8      | Reached *** piety under Okawaru
 10977 | D:9      | Found a staircase to the Orcish Mines.
 11003 | D:9      | Found a roughly hewn altar of Beogh.
 11012 | D:9      | Reached XP level 11. HP: 96/99 MP: 9/12
 11119 | D:9      | Found the +4 moon troll leather armour {Spirit, Regen++
                  | MP+5}
 11314 | D:9      | You fall into a shaft and drop 1 floor!
 11314 | D:10     | Entered Level 10 of the Dungeon
 11630 | D:9      | Found an opulent altar of Gozag.
 11652 | D:9      | Noticed a manticore
 11666 | D:9      | Killed a manticore
 11785 | D:9      | Reached skill level 10 in Fighting
 11799 | D:9      | Reached **** piety under Okawaru
 12211 | D:9      | Noticed a deep elf pyromancer
 12222 | D:9      | Killed a deep elf pyromancer
 12755 | D:10     | Received a gift from Okawaru
 13046 | D:10     | Reached ***** piety under Okawaru
 13314 | D:11     | Received a gift from Okawaru
 13478 | D:11     | Noticed a two-headed ogre
 13488 | D:11     | Killed a two-headed ogre
 13489 | D:11     | Reached XP level 12. HP: 100/111 MP: 12/15
 13531 | D:11     | Noticed a two-headed ogre
 13537 | D:11     | Killed a two-headed ogre
 13538 | D:11     | Reached skill level 19 in Axes
 13831 | D:11     | Reached skill level 5 in Invocations
 14188 | D:11     | Found a staircase to the Lair.
 14313 | D:11     | Found Baopsu Rodgh's Armour Boutique.
 14320 | D:11     | Bought a +1 helmet of see invisible for 247 gold pieces
 15014 | D:12     | Reached ****** piety under Okawaru
 15455 | Orc:1    | Entered Level 1 of the Orcish Mines
 15459 | Orc:1    | Paralysed by an orc sorcerer for 2 turns
 15777 | Orc:1    | Found Ceime's Jewellery Shoppe.
 15900 | Orc:2    | Entered Level 2 of the Orcish Mines
 15967 | Orc:1    | Identified the +1 pair of boots of Mezcal {rElec Slay+3}
                  | (Okawaru gifted it to you on level 1 of the Orcish Mines)
 15967 | Orc:1    | Received a gift from Okawaru
 16203 | Orc:2    | Found a staircase to the Elven Halls.
 16543 | Orc:2    | Reached XP level 13. HP: 119/122 MP: 17/17
 16564 | Orc:2    | Paralysed by an orc sorcerer for 5 turns
 16572 | Orc:2    | Reached skill level 20 in Axes
 17008 | Orc:2    | Reached skill level 10 in Shields
 17127 | Orc:2    | Found Wanlame's Book Emporium.
 17127 | Orc:2    | Found Runeh Hed's Book Boutique.
 17129 | Orc:2    | Found Zoenusio's Antique Armour Shop.
 17130 | Orc:2    | Found Hetyjair's Assorted Antiques.
 17149 | Orc:2    | Bought a pair of runed gloves for 240 gold pieces
 17329 | Orc:1    | Bought the amulet "Caiskoix" {+Blink Regen+} for 792 gold
                  | pieces
 17435 | Lair:1   | Entered Level 1 of the Lair of Beasts
 17704 | Lair:1   | Found a runed translucent gate.
 17705 | Lair:1   | Found a runed translucent gate.
 17706 | Lair:1   | Found a runed translucent gate.
 17706 | Lair:1   | Noticed Imnulubo's ghost (novice TeFE)
 17707 | Lair:1   | Noticed Qocs's ghost (journeyman DECj)
 17744 | Lair:1   | Noticed sneakypete's ghost (journeyman FoFi)
 17746 | Lair:1   | Noticed Kufobin's ghost (journeyman DrSu)
 17829 | Lair:1   | Killed Imnulubo's ghost
 17831 | Lair:1   | Killed Qocs's ghost
 17831 | Lair:1   | Killed Kufobin's ghost
 17831 | Lair:1   | Killed sneakypete's ghost
 17891 | Lair:1   | Got Sif Muna's Octavo of Conduction
 18404 | Lair:2   | Received a gift from Okawaru
 18531 | Lair:2   | Noticed Erica
 18539 | Lair:2   | Killed Erica
 18934 | Lair:2   | Identified the +0 hat of Generosity {Regen+ Str+2} (Okawaru
                  | gifted it to you on level 2 of the Lair of Beasts)
 18934 | Lair:2   | Received a gift from Okawaru
 18935 | Lair:2   | Reached skill level 15 in Fighting
 18948 | Lair:2   | Found a staircase to the Snake Pit.
 19096 | Lair:2   | Found a staircase to the Shoals.
 19503 | Lair:3   | Noticed Fannar
 19515 | Lair:3   | Killed Fannar
 19516 | Lair:3   | Reached XP level 14. HP: 116/135 MP: 13/19
 19522 | Lair:3   | Reached skill level 21 in Axes
 20736 | Lair:4   | Found a staircase to the Slime Pits.
 21703 | Lair:5   | Entered Level 5 of the Lair of Beasts
 21703 | Lair:5   | Noticed Nessos
 21743 | Lair:4   | Killed Nessos
 21743 | Lair:4   | Identified the +0 pair of boots of the Lute {rElec rPois
                  | rCorr Dex+5} (Okawaru gifted it to you on level 4 of the
                  | Lair of Beasts)
 21743 | Lair:4   | Received a gift from Okawaru
 22717 | Lair:5   | Reached skill level 22 in Axes
 22742 | Lair:5   | Reached XP level 15. HP: 59/147 MP: 3/21
 22995 | Lair:5   | Found a corrupted altar of Lugonu.
 22995 | Lair:5   | Found a one-way gate to the infinite horrors of the Abyss.
 23304 | Lair:5   | Found a runed translucent door.
 23305 | Lair:5   | Noticed DemonSlayer's ghost (journeyman DsEE)
 23310 | Lair:5   | Identified the +8 spear "Xioshruome" {freeze, Fly rC- Str+7
                  | Stlth+}
 23337 | Lair:5   | Killed DemonSlayer's ghost
 23473 | Lair:5   | Identified the -1 pair of boots of Evattil {Will+}
 23776 | Snake:1  | Entered Level 1 of the Snake Pit
 24090 | Snake:1  | Noticed Rupert
 24091 | Snake:1  | Paralysed by Rupert for 4 turns
 24166 | Snake:1  | Paralysed by Rupert for 3 turns
 24430 | Lair:2   | Identified the +1 pair of gloves of the Salamander {Will+}
                  | (Okawaru gifted it to you on level 2 of the Lair of Beasts)
 24430 | Lair:2   | Received a gift from Okawaru
 25250 | Snake:1  | Found Cuufyel's Jewellery Boutique.
 25251 | Snake:1  | Found Fariska's Book Shoppe.
 25252 | Snake:1  | Found Bocev's Jewellery Boutique.
 25685 | Snake:2  | Received a gift from Okawaru
 26263 | Snake:2  | Reached XP level 16. HP: 143/159 MP: 22/22
 26566 | Snake:2  | Reached skill level 23 in Axes
 26673 | Snake:2  | Identified the +1 animal skin "Kootyrit" {rPois rF+}
                  | (Okawaru gifted it to you on level 2 of the Snake Pit)
 26673 | Snake:2  | Received a gift from Okawaru
 27148 | Snake:3  | Found Gapluag's Vocational Training.
 27295 | Snake:3  | Noticed Vashnia
 27342 | Snake:3  | Killed Vashnia
 27713 | Snake:2  | Reached skill level 15 in Shields
 28491 | Snake:4  | Entered Level 4 of the Snake Pit
 28512 | Snake:4  | Noticed a nagaraja
 28536 | Snake:4  | Killed a nagaraja
 28780 | Snake:4  | Identified the +1 pair of boots "Usiode" {Str+4} (Okawaru
                  | gifted it to you on level 4 of the Snake Pit)
 28780 | Snake:4  | Received a gift from Okawaru
 29265 | Snake:4  | Noticed a nagaraja
 29285 | Snake:4  | Killed a nagaraja
 29287 | Snake:4  | Noticed a nagaraja
 29313 | Snake:4  | Killed a nagaraja
 29314 | Snake:4  | Reached XP level 17. HP: 125/170 MP: 17/23
 29858 | Snake:4  | Reached skill level 24 in Axes
 30084 | Snake:4  | Noticed Donald
 30094 | Snake:4  | Killed Donald
 30094 | Snake:4  | Identified the +6 scale mail of Anumnen {rC++ Int+6 Dex-5}
                  | (Okawaru gifted it to you on level 4 of the Snake Pit)
 30094 | Snake:4  | Received a gift from Okawaru
 30138 | Snake:4  | Got a serpentine rune of Zot
 30605 | Elf:1    | Entered Level 1 of the Elven Halls
 30665 | Elf:1    | Found Uguin's General Store.
 30665 | Elf:1    | Found Sianar's Jewellery Shop.
 31385 | Elf:1    | Found Olaene's Magic Scroll Shoppe.
 31399 | Elf:1    | Bought a scroll of brand weapon for 114 gold pieces
 31399 | Elf:1    | Bought a scroll of enchant weapon for 90 gold pieces
 31399 | Elf:1    | Bought a scroll of brand weapon for 114 gold pieces
 31737 | Elf:1    | You fall into a shaft and drop 1 floor!
 32030 | Elf:2    | Reached XP level 18. HP: 164/180 MP: 19/25
 32032 | Elf:2    | Reached skill level 10 in Invocations
 32256 | Elf:2    | Found a huge runed translucent gate.
 32256 | Elf:2    | Found a huge runed translucent gate.
 32256 | Elf:2    | Found a huge runed translucent gate.
 32257 | Elf:2    | Found a huge runed translucent gate.
 32259 | Elf:2    | Found a huge runed translucent gate.
 32259 | Elf:2    | Noticed a deep elf blademaster
 32336 | Elf:2    | Identified the +3 pair of gloves "Iluwk" {Dex+6} (Okawaru
                  | gifted it to you on level 2 of the Elven Halls)
 32336 | Elf:2    | Received a gift from Okawaru
 32398 | Elf:2    | Found a shimmering blue altar of Sif Muna.
 32531 | Elf:2    | Identified the +9 mace "Beast's Funeral" {flame, *Rage
                  | Str+8 Int+6 Dex-2}
 32743 | Elf:2    | Killed a deep elf blademaster
 33460 | Elf:3    | Entered Level 3 of the Elven Halls
 33899 | Elf:3    | Noticed a deep elf master archer
 33916 | Elf:3    | Killed a deep elf master archer
 33930 | Elf:3    | Reached skill level 25 in Axes
 33946 | Elf:3    | Identified the +9 chain mail "Rigyugg" {rElec rPois SInv
                  | Stlth-} (Okawaru gifted it to you on level 3 of the Elven
                  | Halls)
 33946 | Elf:3    | Received a gift from Okawaru
 33999 | Elf:3    | Noticed a deep elf blademaster
 34002 | Elf:3    | Noticed a deep elf master archer
 34140 | Elf:2    | Killed a deep elf blademaster
 34221 | Elf:3    | Noticed a deep elf blademaster
 34369 | Elf:3    | Noticed Bai Suzhen
 34400 | Elf:3    | Killed Bai Suzhen
 34787 | Elf:3    | Reached XP level 19. HP: 191/191 MP: 27/27
 34881 | Abyss:3  | Found a corrupted altar of Lugonu.
 34881 | Abyss:3  | Found a corrupted altar of Lugonu.
 34881 | Abyss:3  | Cast into level 3 of the Abyss (a deep elf sorcerer)
 35203 | Elf:3    | Escaped the Abyss
 35316 | Elf:3    | Identified the +9 dire flail "Faip" {vorpal, rElec Int+3
                  | Dex+2}
 35742 | Elf:3    | Identified the +1 pair of boots "Jeekkueh" {rPois} (Okawaru
                  | gifted it to you on level 3 of the Elven Halls)
 35742 | Elf:3    | Received a gift from Okawaru
 35752 | Elf:3    | Found the +7 lajatang of Order {silver, rMut}
 35770 | Elf:3    | Identified the +2 robe of the Accordion {rPois rF+ Str+2}
 35782 | Elf:3    | Identified the ring "Deoni" {Will+ MP+9 Stlth+}
 35784 | Elf:3    | Identified the +3 plate armour of the Poles {rN+ Int+4
                  | Dex-5 Stlth+}
 35804 | Elf:3    | Got the Directory of the Flock and the Inferno
 36320 | Shoals:1 | Entered Level 1 of the Shoals
 37522 | Shoals:2 | Noticed Ilsuiw
 37538 | Shoals:2 | Killed Ilsuiw
 37766 | Shoals:2 | Identified the +1 scale mail of Integrity {rElec rC+ Will++
                  | Str+2 Int-3 Stlth+}
 38307 | Shoals:2 | Noticed Polyphemus
 38323 | Shoals:2 | Found Tutaploi's Book Shoppe.
 38330 | Shoals:2 | Killed Polyphemus
 38414 | Shoals:2 | Noticed Louise
 38450 | Shoals:2 | Killed Louise
 38677 | Shoals:3 | Noticed Mlioglotl
 38688 | Shoals:3 | Killed Mlioglotl
 38751 | Shoals:3 | Reached skill level 26 in Axes
 39214 | Shoals:3 | Found the +3 crown of Dyrovepreva {rElec Int+2 SInv}
 39289 | Shoals:3 | Received a gift from Okawaru
 39493 | Shoals:4 | Entered Level 4 of the Shoals
 39582 | Shoals:4 | Identified the +3 trident "Meoda" {freeze, rElec}
 39677 | Shoals:4 | Reached XP level 20. HP: 203/203 MP: 28/28
 40365 | Shoals:4 | Got a barnacled rune of Zot
 40667 | Slime:1  | Entered Level 1 of the Pits of Slime
 41617 | Slime:2  | Gained mutation: You occasionally lose the ability to drink
                  | potions when taking damage. [a shining eye]
 42426 | Slime:3  | Received a gift from Okawaru
 42638 | Slime:4  | Gained mutation: You are clumsy. (Dex -2) [a shining eye]
 42641 | Slime:4  | Gained mutation: Armour fits poorly on your strangely
                  | shaped body. [a shining eye]
 42666 | Slime:3  | Gained mutation: You do not regenerate when monsters are
                  | visible. [a shining eye]
 43168 | Slime:5  | Entered Level 5 of the Pits of Slime
 43285 | Slime:5  | Reached skill level 27 in Axes
 43322 | Slime:5  | Gained mutation: You have sharp toenails. [a shining eye]
 43325 | Slime:5  | Gained mutation: You occasionally lose the ability to read
                  | scrolls when taking damage. [a shining eye]
 43648 | Slime:4  | Identified the +1 scale mail of Undesirable Species {Dex+6}
                  | (Okawaru gifted it to you on level 4 of the Pits of Slime)
 43648 | Slime:4  | Received a gift from Okawaru
 43829 | Slime:5  | Found a viscous altar of Jiyva.
 43830 | Slime:5  | Noticed the Royal Jelly
 43870 | Slime:5  | Reached XP level 21. HP: 120/214 MP: 19/29
 43926 | Slime:5  | Killed the Royal Jelly
 43933 | Slime:4  | Slain by a rockslime

Illustrated notes

Levels and vault maps discovered:
D:1:      psy_arrival_terrarium, layout_loops_corners, minmay_misc_feat_alley,
          hangedman_abyss_or_decor_lesser_grid
D:2:      layout_loops_ring, ebering_ecumenical_altar_webs
D:3:      layout_basic
D:4:      layout_gridville, nemelex_dance_club_becter,
          mainiacjoe_overflow_surrounded_room, uniq_robin
D:5:      lemuel_insect_pit, layout_cave_pools, mainiacjoe_overflow_catwalk,
          lemuel_zombie_altar_yredelemnul, gup_sewer_entry_glass, serial_shops,
          shop_statue, uniq_pikel
D:6:      layout_cave_pools, nicolae_hepliaklqana_monster_ancestors,
          led_sif_pool, nicolae_qazlal_eye_of_the_storm, serial_column_ruins,
          column_ruins_hut, column_ruins_hut_pillars,
          column_ruins_columns_corner, column_ruins_grid_3,
          column_ruins_columns_straight, column_ruins_columns_straight,
          amcnicky_mini_pool_medium
D:7:      layout_basic, mainiacjoe_overflow_cross_hatched,
          kennysheep_little_box, minmay_temple_entry_hall, uniq_menkaure
D:8:      kennysheep_steamy, layout_basic, serial_shops, shop, enter_bailey_4,
          uniq_psyche
D:9:      layout_basic, mainiacjoe_overflow_alcove_4,
          minmay_orc_entry_temple_small, minmay_hedge_maze
D:10:     layout_roguey
D:11:     layout_stronghold, erik_lair_orcish_takeover, serial_shops, shop
D:12:     layout_long_grid
Temple:   minmay_temple_bridge_abc
Lair:1:   layout_cave_pods, gammafunk_ghost_cemetery, serial_bayou_shore_a
Lair:2:   layout_chaotic_city, elwin_shoals_entry_stream,
          guppyfry_snake_entry_island, grunt_forest_large_clearings, uniq_erica
Lair:3:   nzn_winding_woodlands_stair_cross [nzn_winding_woodlands_5x15_cabin,
          nzn_winding_woodlands_center_diamonds,
          nzn_winding_woodlands_5x15_lazy_stream,
          nzn_winding_woodlands_5x5_open_star,
          nzn_winding_woodlands_5x5_closed_star,
          nzn_winding_woodlands_5x15_zeroes,
          nzn_winding_woodlands_center_pierced_h,
          nzn_winding_woodlands_5x15_garden], layout_concentric_octagons,
          uniq_fannar
Lair:4:   layout_long_grid, dpeg_slime_entry_enclosed, serial_bayou_shore_b
Lair:5:   hellmonk_lair_end_abyssal_woods, layout_hall_layers,
          ebering_ghost_funeral_grove, minmay_lair_oklob_bushes, uniq_nessos
Shoals:1: layout_shoals, nicolae_shoals_spring_well_temple
Shoals:2: layout_shoals, serial_shops, shop, uniq_polyphemus, uniq_ilsuiw,
          uniq_louise
Shoals:3: layout_shoals, uniq_mlioglotl
Shoals:4: shoals_end_simple, layout_shoals
Snake:1:  layout_rooms, lemuel_fruit_tree, minmay_shop_grove, uniq_rupert
Snake:2:  layout_layer_cave
Snake:3:  layout_grid_maze, nicolae_shop_vocational, uniq_vashnia
Snake:4:  minmay_snake_end_coiled, layout_rooms, grunt_ministairs_14,
          uniq_donald
Slime:1:  layout_caves
Slime:2:  layout_caves, cheibrodos_slime_lost_civilization_5
Slime:3:  layout_caves
Slime:4:  layout_caves
Slime:5
Orc:1:    layout_caves, serial_shops, shop
Orc:2:    st_orc_rangers, layout_caves
Elf:1:    layout_geoelf_grid, serial_shops, nicolae_shop_waterfront,
          minivault_28, minmay_shoptagon
Elf:2:    elven_hall_of_blades_hangedman_alternative
          [nicolae_blade_entry_hurt_lockers], layout_geoelf_grid, basic_altar
Elf:3:    minmay_elf_hall_four_x, layout_loops_corners, uniq_bai_suzhen

Skill      XL: |  1  2  3  4  5  6  7  8  9 10 11 12 13 14 15 16 17 18 19 20 21 |
---------------+----------------------------------------------------------------+-----
Axes           | 3 6 9 11 14 15 17 18 19 20 22 23 24 25 26 27 | 27.0
Fighting       | 4 5 6 8 9 11 13 15 17 18 19 20 21 23 24 | 24.3
Armour         | 4 5 8 10 11 12 | 12.9
Shields        | 4 5 6 7 9 11 12 13 16 17 19 20 21 22 | 22.0
Invocations    | 1 4 6 7 8 9 10 11 | 11.9
Evocations     | |  0.6

Action                   |  1- 3 |  4- 6 |  7- 9 | 10-12 | 13-15 | 16-18 | 19-21 || total
-------------------------+-------+-------+-------+-------+-------+-------+-------++-------
Melee: War axe           |    58 |   131 |    12 |       |   238 |   884 |   822 ||  2145
       Hand axe          |       |       |   345 |   666 |   774 |       |       ||  1785
       Unarmed           |       |       |       |     4 |       |       |       ||     4
Invok: Heroism           |       |       |       |    16 |    19 |    27 |    18 ||    80
       Finesse           |       |       |       |     3 |     4 |     9 |     8 ||    24
 Abil: Evoke Blink       |       |       |       |       |     2 |       |       ||     2
  Use: Scroll            |       |    11 |     7 |     7 |    12 |     6 |     7 ||    50
       Potion            |       |     1 |       |     1 |     5 |       |     3 ||    10
 Stab: Sleeping          |       |       |       |     1 |       |       |       ||     1
       Petrified         |       |       |       |       |     5 |       |       ||     5
Armor: Scale mail        |    20 |    48 |    39 |       |       |       |       ||   107
       Plate armour      |       |       |   122 |    88 |       |       |       ||   210
       Troll leather arm |       |       |       |   231 |   470 |   202 |   211 ||  1114
Dodge: Dodged            |    28 |    53 |    97 |   262 |   377 |   176 |   147 ||  1140
Block: Buckler           |     9 |    32 |    50 |   162 |   251 |       |       ||   504
       Tower shield      |       |       |       |       |   110 |   858 |   718 ||  1686
       Reflection        |       |       |       |       |     7 |   174 |    58 ||   239
